 Dungeon Crawl Stone Soup version 0.29.1-1-gd02db6906a (webtiles) character file.

Game seed: 6163175842158085605

89 Icepheonix32 the Trooper (level 4, -3/41 HPs)
             Began as a Minotaur Fighter on Oct 21, 2022.
             Slain by Sigmund
             ... wielding a +0 scythe
              (6 damage)
             ... on level 2 of the Dungeon.
             The game lasted 00:01:14 (848 turns).

Icepheonix32 the Trooper (Minotaur Fighter)          Turns: 848, Time: 00:01:14

Health: -3/41      AC:  7    Str: 21    XL:     4   Next: 31%
Magic:  3/3        EV:  9    Int:  5    God:
Gold:   54         SH:  0    Dex: 11    Spells: 3/3 levels left

rFire   . . .      SeeInvis .   a - +0 war axe
rCold   . . .      Faith    .   c - +0 buckler
rNeg    . . .      Spirit   .   b - +0 scale mail
rPois   .          Reflect  .   (helmet restricted)
rElec   .          Harm     .   (no cloak)
rCorr   .          Rampage  .   (no gloves)
Will    .....                   (no boots)
Stlth   ..........              (no amulet)
HPRegen 0.13/turn               (no ring)
MPRegen 0.08/turn               (no ring)

@: confused
A: horns 2, retaliatory headbutt
a: no special abilities


You were on level 2 of the Dungeon.
You visited 1 branch of the dungeon, and saw 2 of its levels.

You collected 54 gold pieces.

Inventory:

Hand Weapons
 a - a +0 war axe (weapon)
Armour
 b - a +0 scale mail (worn)
 c - a +0 buckler (worn)
 d - a +0 chain mail
Jewellery
 g - a ring of willpower
Scrolls
 h - a scroll of fear
 i - a scroll of teleportation
Potions
 f - a potion of magic


   Skills:
 * Level 4.5 Fighting
 + Level 3.4 Axes
 + Level 4.3 Armour
 + Level 0.5 Dodging
 + Level 4.2 Shields


You had 3 spell levels left.
You didn't know any spells.
Your spell library was empty.

Dungeon Overview and Level Annotations

Branches:
Dungeon (2/15)

Altars:

Annotations:
D:2 Sigmund


Innate Abilities, Weirdness & Mutations

You have a pair of horns on your head.
You reflexively headbutt those who attack you in melee.


Message History

The quokka bites you but does no damage.
You hear some strange, mumbled words.
You are confused.
The quokka bites you but does no damage.
You're too confused to move!
You hear some strange, mumbled words.
Something tries to affect you, but you resist.
The quokka misses you.
You closely miss the quokka. Your headbutt misses the quokka.
You miss something.
The quokka bites you but does no damage.
Something hits you. The quokka closely misses you.
You hear some strange, mumbled words.
Something tries to affect you, but you resist.
The quokka bites you but does no damage.
Unknown command.
The quokka bites you but does no damage.
You hear some strange, mumbled words.
You are more confused.
The quokka attacks as you move away!
The quokka bites you but does no damage.
Found a clear potion.
Something hits you.
Something hits you. x2; The quokka completely misses you.
You feel a little less mighty now.
The quokka bites you but does no damage.
Okay, then.
You barely miss the quokka.
You hear some strange, mumbled words.
Something tries to affect you, but you resist.
The quokka closely misses you. Something hits you!
* * * LOW HITPOINT WARNING * * *
You are too confused!
Unknown command.
The quokka completely misses you.
The quokka bites you but does no damage.
Something hits you.
* * * LOW HITPOINT WARNING * * *
The quokka barely misses you. Something hits you.
You die...

#....!......
#..........#
#..........
#........######.
#...............
#.(..........#.#
#..............#
#....r......#
#....@{.....#
#######†########
#.........(.#
#...........# .#
#...........###.#
#................
####.###.........
...# #.........
#######
#.........


You could see a quokka.

Vanquished Creatures
  Terence (D:2)
  3 adders (D:2)
  3 bats (D:1)
  3 endoplasms (D:1)
  6 goblins (D:1)
  5 hobgoblins (D:1)
  4 jackals (D:1)
  2 kobolds (D:1)
  3 quokkas
  3 ball pythons (D:1)
  A frilled lizard (D:1)
  A rat (D:1)
35 creatures vanquished.

Notes
Turn   | Place    | Note
-------+----------+-------------------------------------------
     0 | D:1      | Icepheonix32 the Minotaur Fighter began the quest for the
                  | Orb.
     0 | D:1      | Reached XP level 1. HP: 19/19 MP: 0/0
    28 | D:1      | Reached XP level 2. HP: 25/27 MP: 1/1
   562 | D:1      | Reached XP level 3. HP: 30/33 MP: 2/2
   795 | D:2      | Noticed Terence
   800 | D:2      | Killed Terence
   801 | D:2      | Reached XP level 4. HP: 41/41 MP: 3/3
   825 | D:2      | Noticed Sigmund
   848 | D:2      | Slain by Sigmund

Illustrated notes

Levels and vault maps discovered:
D:1:      dpeg_arrival_windows_large_door, layout_basic
D:2:      layout_basic, minmay_cut_off, uniq_jessica, uniq_sigmund, uniq_terence

Skill      XL: |  1  2  3 |
---------------+----------+-----
Fighting       | 4 |  4.5
Armour         | 4 |  4.3
Shields        | 4 |  4.2
Axes           | 3 |  3.4
Dodging        | |  0.5

Action                   |  1- 3 |  4- 6 || total
-------------------------+-------+-------++-------
Melee: War axe           |    64 |    13 ||    77
       Headbutt          |     6 |       ||     6
  Use: Scroll            |     4 |       ||     4
       Potion            |     1 |       ||     1
Armor: Scale mail        |    44 |    19 ||    63
Dodge: Dodged            |    39 |    10 ||    49
Block: Buckler           |    25 |     2 ||    27
